[Event "Early-Titled-Tuesday-Blitz-July-09-2024"]
[Site "Chess.com"]
[Date "2024.07.09"]
[Round "7"]
[White "jbking07"]
[Black "Chessdude1987"]
[Result "0-1"]
[WhiteElo "2463"]
[BlackElo "2340"]
[TimeControl "180+1"]
[EndTime "9:17:46 PDT"]
[Termination "Chessdude1987 won by resignation"]

1. e4 e6 2. d4 d5 3. Nc3 Nf6 4. e5 Nfd7 5. Nce2 c5 6. c3 Nc6 7. Nf3 Qb6 8. a3 f6 9. exf6 Nxf6 10. g3 cxd4 11. cxd4 Ne4 12. Nc3 Bd6 13. Bg2 O-O 14. O-O Bd7 15. Nxe4 dxe4 16. Ng5 Nxd4 17. Bxe4 h6 18.
Nh3 e5 19. Kg2 Bc6 20. Qd3 Bb5 21. Bd5+ Kh8 22. Qg6 Bxf1+ 23. Kxf1 Qb5+ 0-1

[Event "Early-Titled-Tuesday-Blitz-July-09-2024"]
[Site "Chess.com"]
[Date "2024.07.09"]
[Round "7"]
[White "David_Arutinian"]
[Black "Djager97"]
[Result "1-0"]
[WhiteElo "2832"]
[BlackElo "2627"]
[TimeControl "180+1"]
[EndTime "9:17:47 PDT"]
[Termination "David_Arutinian won by resignation"]

1. Nf3 d5 2. e3 Nf6 3. c4 e6 4. b3 c5 5. Bb2 Nc6 6. cxd5 Nxd5 7. a3 Nf6 8. Nc3 Be7 9. Qc2 O-O 10. h4 Ng4 11. Ne4 e5 12. Nfg5 f5 13. Nxc5 Bxg5 14.
hxg5 Qxg5 15. Bc4+ Kh8 16. f3 Nxe3 17. dxe3 Qxe3+ 18.
Be2 b6 19. Nd3 Ba6 20. Qc1 Qxc1+ 21. Rxc1 Na5 22. Nxe5 Bxe2 23. Kxe2 Nxb3 24. Rc7 1-0

[Event "Early-Titled-Tuesday-Blitz-July-09-2024"]
[Site "Chess.com"]
[Date "2024.07.09"]
[Round "7"]
[White "Ginger_GM"]
[Black "ArmanGhevondyanchess"]
[Result "0-1"]
[WhiteElo "2605"]
[BlackElo "2746"]
[TimeControl "180+1"]
[EndTime "9:17:48 PDT"]
[Termination "ArmanGhevondyanchess won by resignation"]

1. f4 Nf6 2. Nf3 g6 3. d3 d5 4. e3 Bg7 5. Be2 O-O 6. O-O c5 7. a4 Nc6 8. Kh1 Re8 9. Ne5 Nxe5 10. fxe5 Nd7 11. d4 f6 12. c4 fxe5 13. dxc5 d4 14. b4 a5 15. Bb2 axb4 16. exd4 exd4 17. Bxd4 Nxc5 18. Bxg7 Qxd1 19. Rxd1 Kxg7 20. Nd2 Bf5 21. Ra2 Red8 22. a5 b6 23. a6 b3 24. Rb2 Bc2 0-1

[Event "Early-Titled-Tuesday-Blitz-July-09-2024"]
[Site "Chess.com"]
[Date "2024.07.09"]
[Round "7"]
[White "arctic_t00"]
[Black "alexrustemov"]
[Result "0-1"]
[WhiteElo "2658"]
[BlackElo "2881"]
[TimeControl "180+1"]
[EndTime "9:17:50 PDT"]
[Termination "alexrustemov won by resignation"]

1. Nf3 d5 2. g3 Nf6 3. Bg2 e6 4. O-O b5 5. d4 c5 6. a4 b4 7. c4 bxc3 8. Nxc3 Nbd7 9. Bf4 a6 10. Rc1 Bb7 11. Na2 Rc8 12. dxc5 Bxc5 13. b4 Ba7 14. Rxc8 Qxc8 15. Qb3 O-O 16. Rc1 Qa8 17. e3 Rc8 18. Rc2 h6 19. h4 Rxc2 20. Qxc2 d4 21. Qe2 e5 22. Bxe5 Nxe5 23. Nxe5 Bxg2 24. f3 Bh3 25. g4 dxe3 26. Kh2 Qd5 0-1

[Event "Early-Titled-Tuesday-Blitz-July-09-2024"]
[Site "Chess.com"]
[Date "2024.07.09"]
[Round "7"]
[White "Gnechko_Ruslan"]
[Black "lildoggo2007"]
[Result "0-1"]
[WhiteElo "2512"]
[BlackElo "2424"]
[TimeControl "180+1"]
[EndTime "9:17:53 PDT"]
[Termination "lildoggo2007 won by resignation"]

1. e4 c5 2. Nc3 Nc6 3. f4 g6 4. Nf3 Bg7 5. Bb5 Nd4 6. a4 a6 7. Bc4 e6 8. e5 Ne7 9. Ne4 O-O 10.
c3 Nxf3+ 11. Qxf3 d5 12. exd6 Nf5 13. d3 Nxd6 14. Nxd6 Qxd6 15. h4 Rb8 16. h5 b5 17.
axb5 axb5 18. Bb3 Bb7 19. Qh3 Rfd8 20. hxg6 hxg6 21. Bc2 b4 22. c4 b3 23. Bb1 Ra8 24.
Rxa8 Rxa8 25. Qh7+ Kf8 26. O-O Qd4+ 27. Kh2 Ke7 28.
Qh4+ Bf6 29. Qg4 Ra1 30. Qd1 Rxb1 31. Qxb3 Bc6 32. Be3 Qxe3 33. Rxb1 Qxf4+ 34. Kh1 Qh4+ 35. Kg1 Bd4+ 0-1

[Event "Early-Titled-Tuesday-Blitz-July-09-2024"]
[Site "Chess.com"]
[Date "2024.07.09"]
[Round "7"]
[White "Zheenbekov86"]
[Black "burbur555"]
[Result "0-1"]
[WhiteElo "2486"]
[BlackElo "2742"]
[TimeControl "180+1"]
[EndTime "9:17:57 PDT"]
[Termination "burbur555 won by resignation"]

1. e4 c6 2. d4 d5 3. exd5 cxd5 4. Bd3 Nf6 5. h3 Nc6 6. c3 g6 7. Nf3 Bf5 8. Be2 Bg7 9. O-O O-O 10. Bf4 h6 11.
Re1 e6 12. Nbd2 Ne4 13. Bh2 g5 14. Nxe4 dxe4 15. Nd2 Bg6 16. Bc4 Na5 17. Bf1 f5 18. b4 Nc6 19. Bc4 Bf7 20. Qb3 Qd7 21. f3 Nxd4 22.
cxd4 Bxd4+ 23. Kh1 Bxa1 24. Rxa1 Qxd2 25. fxe4 Rad8 26.
Rf1 f4 27. Bxe6 Qd3 28. Bxf7+ Rxf7 29. Qxd3 Rxd3 30. Bg1 b6 31. a4 Rfd7 32. a5 Rd1 0-1

[Event "Early-Titled-Tuesday-Blitz-July-09-2024"]
[Site "Chess.com"]
[Date "2024.07.09"]
[Round "7"]
[White "ValeriyGrinev"]
[Black "Nitzan_Steinberg"]
[Result "0-1"]
[WhiteElo "2657"]
[BlackElo "2867"]
[TimeControl "180+1"]
[EndTime "9:18:01 PDT"]
[Termination "Nitzan_Steinberg won by checkmate"]

1. d4 Nf6 2. c4 e6 3. Nf3 Bb4+ 4. Nbd2 O-O 5. g3 d5 6. Qc2 c5 7. dxc5 d4 8. a3 Bxd2+ 9. Bxd2 Nc6 10. Bg2 e5 11. O-O h6 12. b4 e4 13. Ne1 Bf5 14. Qb3 Re8 15. Bf4 d3 16. exd3 Nd4 17. Qb2 exd3 18. Bd6 Ne2+ 19. Kh1 Ne4 20. Rd1 Nxd6 21. cxd6 Qxd6 22. Bxb7 Rad8 23. Bd5 Qg6 24. Ng2 Qh5 25.
Rd2 Rxd5 26. cxd5 Qf3 27. Qb1 Bh3 28. Rg1 Nxg1 29. Qxg1 Bxg2+ 30. Qxg2 Re1# 0-1

[Event "Early-Titled-Tuesday-Blitz-July-09-2024"]
[Site "Chess.com"]
[Date "2024.07.09"]
[Round "7"]
[White "alreadybroken23"]
[Black "Likvidator228"]
[Result "0-1"]
[WhiteElo "2672"]
[BlackElo "2572"]
[TimeControl "180+1"]
[EndTime "9:18:03 PDT"]
[Termination "Likvidator228 won by resignation"]

1. d4 f5 2. e4 fxe4 3. Nc3 Nf6 4.
Bg5 e6 5. Nxe4 Be7 6. Bxf6 Bxf6 7. Nf3 b6 8. Bd3 Bb7 9. Qe2 g6 10. O-O-O Qe7 11. h4 Nc6 12. c3 O-O-O 13. h5 g5 14. g3 h6 15. Kb1 Bg7 16. Ba6 Rhf8 17. Bxb7+ Kxb7 18. Nh2 d5 19. Nd2 e5 20. dxe5 Qxe5 21. Rhe1 Qf5+ 22. Ka1 Qxf2 23. Ng4 Qxg3 24. Rg1 Qd6 25.
Nb3 d4 26. Qc4 Qf4 27. Nc5+ bxc5 28. Qb5+ Kc8 29. Qxc6 Rd6 30. Qxc5 dxc3 31. Rxd6 cxb2+ 32. Kb1 Qf1+ 33. Rxf1 Rxf1+ 34. Kc2 b1=Q+ 35. Kd2 Qd1+ 36. Ke3 Qxd6 37. Qxd6 cxd6 0-1

[Event "Early-Titled-Tuesday-Blitz-July-09-2024"]
[Site "Chess.com"]
[Date "2024.07.09"]
[Round "7"]
[White "Yan_Dyomin2010"]
[Black "whitemirrorninja"]
[Result "0-1"]
[WhiteElo "2729"]
[BlackElo "2544"]
[TimeControl "180+1"]
[EndTime "9:18:04 PDT"]
[Termination "whitemirrorninja won by resignation"]

1. e4 c5 2. Nf3 d6 3. d4 cxd4 4. Qxd4 e5 5. Bb5+ Nd7 6. Qd3 a6 7. Bxd7+ Qxd7 8. a4 f5 9. c4 fxe4 10. Qxe4 Nf6 11. Qe2 Be7 12. Nc3 O-O 13. Bg5 Nh5 14. Bxe7 Nf4 15. Qf1 Qxe7 16. O-O-O Bg4 17. h3 Bh5 18. g4 Bg6 19. Ne1 b5 20. cxb5 axb5 21. Qxb5 Rab8 22. Qa6 d5 0-1

[Event "Early-Titled-Tuesday-Blitz-July-09-2024"]
[Site "Chess.com"]
[Date "2024.07.09"]
[Round "7"]
[White "JuliaEfremova"]
[Black "maurovargas01"]
[Result "1-0"]
[WhiteElo "2288"]
[BlackElo "1959"]
[TimeControl "180+1"]
[EndTime "9:18:07 PDT"]
[Termination "JuliaEfremova won by checkmate"]

1. d4 d5 2. e4 e6 3. Bd3 dxe4 4. Bxe4 Nf6 5. Bf3 c6 6. Ne2 Bd6 7. Bf4 O-O 8. Bxd6 Qxd6 9. O-O Rd8 10. c3 Nbd7 11. Qc2 Nf8 12. Nd2 Ng6 13. Ne4 Qe7 14. Nxf6+ Qxf6 15. Rfe1 e5 16. dxe5 Nxe5 17. Be4 h6 18.
Rad1 Be6 19. Nd4 Bd5 20. h3 Qf4 21. Bxd5 Rxd5 22. Re4 Qf6 23. Rde1 Ng6 24. h4 h5 25. Nf3 Rad8 26. Ng5 Rd2 27. Re8+ Rxe8 28. Rxe8+ Nf8 29. Qh7# 1-0

[Event "Early-Titled-Tuesday-Blitz-July-09-2024"]
[Site "Chess.com"]
[Date "2024.07.09"]
[Round "7"]
[White "FollowRivers"]
[Black "Herzog2012"]
[Result "0-1"]
[WhiteElo "2516"]
[BlackElo "2714"]
[TimeControl "180+1"]
[EndTime "9:18:08 PDT"]
[Termination "Herzog2012 won by resignation"]

1. Nf3 Nf6 2. b3 e6 3. Bb2 Be7 4. e3 O-O 5. Be2 b6 6. O-O Bb7 7. c4 d5 8. d4 c5 9. Nc3 dxc4 10. Bxc4 Nc6 11. dxc5 Bxc5 12. Qe2 Qe7 13. Rfd1 Rfd8 14. Ba6 Bxa6 15. Qxa6 Nb4 16. Qe2 Nbd5 17. Nxd5 Nxd5 18.
Ne5 Rac8 19. Qg4 f6 20. Nd3 Bxe3 21. fxe3 Nxe3 22. Qe2 Nxd1 23. Rxd1 e5 24. h3 Qd6 25.
Nf2 Qc5 26. Kh2 Rxd1 27. Nxd1 Qc2 28. Qa6 Rd8 29. Qxa7 Qxd1 30. Qxb6 Qd2 31. Bc1 Qd6 32. Qa5 e4+ 33. g3 Rc8 34. h4 Rc2+ 35. Kh3 Qd7+ 36. g4 Qd3+ 0-1

[Event "Early-Titled-Tuesday-Blitz-July-09-2024"]
[Site "Chess.com"]
[Date "2024.07.09"]
[Round "7"]
[White "HelenaWalker2912"]
[Black "DarkPassenger007"]
[Result "1-0"]
[WhiteElo "2495"]
[BlackElo "2327"]
[TimeControl "180+1"]
[EndTime "9:18:08 PDT"]
[Termination "HelenaWalker2912 won by checkmate"]

1. d4 Nf6 2. c4 g6 3. Nc3 d5 4. cxd5 Nxd5 5. e4 Nxc3 6. bxc3 Bg7 7. Be3 c5 8. Rc1 O-O 9. Qd2 Qa5 10. d5 Rd8 11.
Nf3 Nd7 12. h4 Nf6 13. Bd3 c4 14. Bb1 e6 15. d6 Ne8 16. h5 Rxd6 17. Qe2 Bxc3+ 18.
Kf1 b5 19. e5 Rd8 20. hxg6 hxg6 21. Bg5 Rd7 22. Qe4 Bd2 23. Qh4 Bxg5 24. Qh8# 1-0

[Event "Early-Titled-Tuesday-Blitz-July-09-2024"]
[Site "Chess.com"]
[Date "2024.07.09"]
[Round "7"]
[White "MANOJ_MISHRA123"]
[Black "BillCoe"]
[Result "1-0"]
[WhiteElo "2258"]
[BlackElo "2050"]
[TimeControl "180+1"]
[EndTime "9:18:08 PDT"]
[Termination "MANOJ_MISHRA123 won by resignation"]

1. d4 d5 2. Nc3 e6 3. Bf4 c5 4. e3 cxd4 5. exd4 Nc6 6. Nb5 Bb4+ 7. c3 Ba5 8. Nd6+ Ke7 9. Qh5 g6 10. Qh4+ f6 11. Nxc8+ Rxc8 12. Nf3 Bc7 13. Be3 Kf7 14. Bd3 h5 15. g4 Kg7 16. Rg1 hxg4 17. Qxg4 Nge7 18. Bxg6 Rg8 19. Bh7+ Kf8 20. Bxg8 Nxg8 21. Qxg8+ Ke7 22. Rg7+ Kd6 23. Bf4+ e5 24. dxe5+ fxe5 25. Qxd8+ Rxd8 26. Nxe5 Nxe5 27. Bxe5+ Kxe5 28. Rxc7 1-0

[Event "Early-Titled-Tuesday-Blitz-July-09-2024"]
[Site "Chess.com"]
[Date "2024.07.09"]
[Round "7"]
[White "madmax011"]
[Black "MikeSailer"]
[Result "1-0"]
[WhiteElo "2363"]
[BlackElo "2092"]
[TimeControl "180+1"]
[EndTime "9:18:10 PDT"]
[Termination "madmax011 won on time"]

1. d4 d5 2. Nf3 Nf6 3. c4 c6 4. g3 g6 5. Qa4 Bg7 6. cxd5 O-O 7. dxc6 Nxc6 8. Bg2 Bg4 9. e3 Qd7 10. O-O e5 11.
dxe5 Nxe5 12. Qxd7 Nexd7 13. Nc3 Rac8 14. Nd4 Nc5 15. h3 Bd7 16. Rd1 Rfd8 17. Bd2 b6 18. Be1 Na4 19. Nxa4 Bxa4 20. Rdc1 Nd7 21. b3 Bxd4 22.
exd4 Bb5 23. Bb4 Nf6 24. Be7 Rxc1+ 25. Rxc1 1-0

[Event "Early-Titled-Tuesday-Blitz-July-09-2024"]
[Site "Chess.com"]
[Date "2024.07.09"]
[Round "7"]
[White "NovakRatko"]
[Black "marvinguevara"]
[Result "1-0"]
[WhiteElo "2361"]
[BlackElo "2032"]
[TimeControl "180+1"]
[EndTime "9:18:11 PDT"]
[Termination "NovakRatko won by checkmate"]

1. d4 d5 2. c4 e6 3. cxd5 exd5 4. Nc3 c5 5. dxc5 d4 6. Na4 b5 7. cxb6 axb6 8. b3 Nf6 9. Nf3 Bb4+ 10. Bd2 Nc6 11.
Rc1 Bxd2+ 12. Qxd2 Bb7 13. e3 Ne4 14. Qc2 Nb4 15.
Bb5+ Kf8 16. Qc7 Qd5 17. O-O d3 18. Nxb6 Qxb5 19. Qxb7 Qa6 20. Nd7+ Ke8 21. Qxe4+ Kxd7 22. Qxb4 Rhb8 23. Ne5+ Ke6 24. Qf4 g5 25. Qxf7+ Kxe5 26. Rc5+ Kd6 27. Qd5+ Ke7 28. Rc7+ Ke8 29. Qd7+ Kf8 30.
Qf7# 1-0

[Event "Early-Titled-Tuesday-Blitz-July-09-2024"]
[Site "Chess.com"]
[Date "2024.07.09"]
[Round "7"]
[White "champ2005"]
[Black "Meri-Arabidze"]
[Result "1-0"]
[WhiteElo "3036"]
[BlackElo "2693"]
[TimeControl "180+1"]
[EndTime "9:18:12 PDT"]
[Termination "champ2005 won by resignation"]

1. e4 e5 2. Nf3 Nc6 3. Bb5 a6 4. Ba4 Nf6 5. d3 d6 6. c3 g6 7.
O-O Bg7 8. Re1 O-O 9. Nbd2 Nd7 10. Nf1 Nc5 11. Bxc6 bxc6 12. d4 Ne6 13. Ng3 exd4 14.
cxd4 c5 15. d5 Nd4 16. Nxd4 Bxd4 17. Bh6 Bxb2 18. Bxf8 Bxa1 19. Bxd6 cxd6 20. Qxa1 Bd7 21. e5 dxe5 22. Qxe5 Qh4 23. Re4 Qh6 24. h3 Re8 25.
Qc7 Qc1+ 26. Kh2 Bb5 27. Rxe8+ Bxe8 28. Ne4 Qe1 29. Qe7 Kg7 30. Qxe8 c4 31. Qe5+ Kh6 32. d6 f5 33. d7 Qd1 34. Qf4+ Kg7 35. Qc7 1-0

[Event "Early-Titled-Tuesday-Blitz-July-09-2024"]
[Site "Chess.com"]
[Date "2024.07.09"]
[Round "7"]
[White "Potosino1970"]
[Black "ilovejokes555"]
[Result "1-0"]
[WhiteElo "2716"]
[BlackElo "2357"]
[TimeControl "180+1"]
[EndTime "9:18:12 PDT"]
[Termination "Potosino1970 won by checkmate"]

1. e4 c5 2. Nc3 Nc6 3. Bb5 Nd4 4. Bc4 g6 5. Nf3 Bg7 6. Nxd4 cxd4 7. Qf3 e6 8. Nb5 d6 9. Qa3 Bf8 10. Nxd4 d5 11. Bb5+ Bd7 12. Qa4 dxe4 13. O-O Bg7 14.
Bxd7+ Qxd7 15. Nb5 Kf8 16. Qb4+ Ne7 17. a4 a6 18. Nc3 f5 19. d3 exd3 20. Rd1 Kf7 21. Rxd3 Qc6 22. Bg5 Bf6 23. Bxf6 Kxf6 24. Rd6 Qc7 25. Re1 Kf7 26. Rdxe6 Nc6 27. Qc4 Kg7 28. Nd5 Qf7 29. Qc3+ Kh6 30. R1e3 Rhd8 31. Rh3+ Kg5 32. Qg3# 1-0

[Event "Early-Titled-Tuesday-Blitz-July-09-2024"]
[Site "Chess.com"]
[Date "2024.07.09"]
[Round "7"]
[White "Kirill_Klukin"]
[Black "HansOnTwitch"]
[Result "0-1"]
[WhiteElo "2922"]
[BlackElo "3132"]
[TimeControl "180+1"]
[EndTime "9:18:14 PDT"]
[Termination "HansOnTwitch won by resignation"]

1. Nf3 d5 2. e3 Nf6 3. c4 e6 4. b3 Bd6 5. Bb2 O-O 6. Nc3 Re8 7.
Qc2 a6 8. d4 b6 9. cxd5 exd5 10.
g3 Bb7 11. Bg2 Nbd7 12. O-O Qe7 13. Rfe1 Rac8 14. Rad1 h6 15. Nh4 g6 16. Nf3 Ne4 17. Nd2 f5 18. f3 Nxc3 19. Bxc3 Nf6 20. g4 fxg4 21. Qxg6+ Qg7 22. Qxg7+ Kxg7 23. f4 Re7 24. Nf1 Rce8 25. Ng3 Bc8 26. Bd2 h5 27. Ne2 Bf5 28. Nc3 c6 29. Rf1 h4 30. Rfe1 b5 31. Ne2 Ba3 32. Kf2 Kg6 33. Rg1 Kh5 34. Bh1 Be4 35. Nc3 Bxh1 36. Rxh1 Bb4 37. Ne2 Ne4+ 0-1

[Event "Early-Titled-Tuesday-Blitz-July-09-2024"]
[Site "Chess.com"]
[Date "2024.07.09"]
[Round "7"]
[White "BogdanDeac"]
[Black "Bykov_Egor"]
[Result "1-0"]
[WhiteElo "3002"]
[BlackElo "2683"]
[TimeControl "180+1"]
[EndTime "9:18:15 PDT"]
[Termination "BogdanDeac won on time"]

1. Nf3 Nf6 2. c4 e6 3. g3 d5 4. Bg2 dxc4 5. Qa4+ Nbd7 6. Qxc4 a6 7. Qc2 Rb8 8. d4 b5 9. Bf4 Bd6 10. Ne5 Bxe5 11.
dxe5 Nh5 12. Be3 Nxe5 13. O-O Nf6 14. Ba7 Rb7 15. Rd1 Nd5 16. Bd4 f6 17. Bxe5 fxe5 18. e4 O-O 19. exd5 Rb6 20. dxe6 Qf6 21. Nc3 Rxe6 22. Ne4 Qg6 23. Qxc7 Kh8 24. Rac1 Ree8 25.
Nd6 1-0

[Event "Early-Titled-Tuesday-Blitz-July-09-2024"]
[Site "Chess.com"]
[Date "2024.07.09"]
[Round "7"]
[White "Zq1"]
[Black "Aygehovit1992"]
[Result "0-1"]
[WhiteElo "2583"]
[BlackElo "2774"]
[TimeControl "180+1"]
[EndTime "9:18:15 PDT"]
[Termination "Aygehovit1992 won by resignation"]

1. d4 Nf6 2. c4 g6 3. Nc3 Bg7 4. e4 d6 5. Nf3 O-O 6. Be2 Na6 7.
O-O e5 8. Re1 Bg4 9. Be3 exd4 10. Nxd4 Bxe2 11. Qxe2 Nc5 12. f3 a5 13. Rad1 Re8 14.
Ndb5 Qc8 15. b3 Ne6 16. Qf2 Nd7 17. Nd5 a4 18. b4 a3 19. h3 Ne5 20. Qe2 h5 21. Ndxc7 Nxc7 22. Nxd6 Qe6 23. Nxe8 Rxe8 24. c5 Nc4 25. Bd4 Nb2 26. Bxg7 Nxd1 27. Rxd1 Kxg7 28. Rd6 Qe5 29. Rd7 Ne6 30. Rxb7 Rd8 31. Ra7 Nf4 32. Qe1 Qb2 0-1

[Event "Early-Titled-Tuesday-Blitz-July-09-2024"]
[Site "Chess.com"]
[Date "2024.07.09"]
[Round "7"]
[White "Queensandpawns"]
[Black "Andrey-Ivanov2011"]
[Result "0-1"]
[WhiteElo "2306"]
[BlackElo "2170"]
[TimeControl "180+1"]
[EndTime "9:18:16 PDT"]
[Termination "Andrey-Ivanov2011 won by checkmate"]

1. e4 c5 2. c4 e5 3. Nc3 d6 4. Nge2 Nc6 5. g3 Nge7 6. Bg2 g6 7. O-O Bg7 8. f4 O-O 9. d3 f5 10. exf5 Nxf5 11. Nd5 exf4 12. Nexf4 Ncd4 13. g4 Nh4 14.
Be4 Qg5 15. Ng2 Rxf1+ 16. Kxf1 Qd8 17. g5 Bh3 18. Nf4 Bxg2+ 19. Nxg2 Nxg2 20. Kxg2 Qd7 21. Bf4 Rf8 22. Kg3 Rxf4 23. Kxf4 Qh3 24. Bd5+ Kh8 25. Qf1 Be5+ 26. Ke4 Qg4+ 27. Ke3 Bf4+ 28. Qxf4 Qe2# 0-1

[Event "Early-Titled-Tuesday-Blitz-July-09-2024"]
[Site "Chess.com"]
[Date "2024.07.09"]
[Round "7"]
[White "Nekoo04"]
[Black "Lady_Nika"]
[Result "1/2-1/2"]
[WhiteElo "2382"]
[BlackElo "2518"]
[TimeControl "180+1"]
[EndTime "9:18:18 PDT"]
[Termination "Game drawn by repetition"]

1. Nf3 d5 2. g3 Nf6 3. Bg2 g6 4. O-O Bg7 5. d4 O-O 6. c4 c6 7. cxd5 cxd5 8. Ne5 Nc6 9. Nc3 e6 10. Nxc6 bxc6 11. Na4 Nd7 12. Be3 a5 13. Rc1 Qc7 14.
b3 Ba6 15. Nc5 Nxc5 16. Rxc5 Rfc8 17. Bf3 Bf8 18. Rc2 Qb6 19. h4 a4 20. bxa4 Bc4 21. h5 Rxa4 22. hxg6 hxg6 23. Qd2 Bb4 24. Qc1 Qa6 25. Kg2 Rxa2 26. Rxa2 Qxa2 27. Qd1 Kg7 28.
Rh1 Rh8 29. Rxh8 Kxh8 30. Qh1+ Kg8 31. Qh4 Bxe2 32. Bxe2 Qxe2 33. Qf6 Bf8 34. Qd8 Qh5 35. Bf4 Qh8 36. Bd6 Qg7 37. Be5 Qh6 38. Bd6 Qg7 39. Be5 Qh6 40. Bd6 Qg7 1/2-1/2

[Event "Early-Titled-Tuesday-Blitz-July-09-2024"]
[Site "Chess.com"]
[Date "2024.07.09"]
[Round "7"]
[White "BashirliSaadat"]
[Black "osielchesslover2011"]
[Result "1-0"]
[WhiteElo "2404"]
[BlackElo "2195"]
[TimeControl "180+1"]
[EndTime "9:18:22 PDT"]
[Termination "BashirliSaadat won by resignation"]

1. d4 Nf6 2. c4 g6 3. e3 Bg7 4. Nc3 d6 5. f4 Nbd7 6. Bd3 O-O 7.
Nf3 e5 8. fxe5 dxe5 9. d5 Nc5 10.
Bc2 e4 11. Nd4 Bg4 12. Qd2 a5 13. O-O Qe7 14. Nce2 Nfd7 15. a3 Ne5 16. b3 Ncd3 17. Bxd3 Nxd3 18. Ng3 Bd7 19. Ra2 f5 20. Nge2 g5 21.
Bb2 Rae8 22. Bc3 f4 23. exf4 gxf4 24. Nxf4 Bh6 25. g3 Nxf4 26. gxf4 e3 27. Qg2+ Bg7 28. Re2 Rf6 29. f5 Rg6 30. fxg6 1-0

[Event "Early-Titled-Tuesday-Blitz-July-09-2024"]
[Site "Chess.com"]
[Date "2024.07.09"]
[Round "7"]
[White "Statham_01"]
[Black "ACollins05"]
[Result "1-0"]
[WhiteElo "2663"]
[BlackElo "2491"]
[TimeControl "180+1"]
[EndTime "9:18:24 PDT"]
[Termination "Statham_01 won by resignation"]

1. e4 a6 2. d4 b5 3. Bd3 Bb7 4. Ne2 e6 5. a4 Nf6 6. Ng3 b4 7. c3 c5 8. Be3 d6 9. Nd2 Nbd7 10.
O-O Be7 11. f4 O-O 12. e5 Nd5 13. Nc4 Nxe3 14. Nxe3 bxc3 15. bxc3 cxd4 16. cxd4 dxe5 17. fxe5 Nb6 18. Bb1 Nd5 19. Qd3 g6 20. Ng4 Rc8 21. Nh5 Qc7 22. Qd2 Qc3 23. Qh6 Qxd4+ 24. Kh1 Qxe5 25.
Nxe5 Bf6 26. Rxf6 1-0

[Event "Early-Titled-Tuesday-Blitz-July-09-2024"]
[Site "Chess.com"]
[Date "2024.07.09"]
[Round "7"]
[White "jasrom"]
[Black "djano"]
[Result "0-1"]
[WhiteElo "2354"]
[BlackElo "2615"]
[TimeControl "180+1"]
[EndTime "9:18:29 PDT"]
[Termination "djano won on time"]

1. e4 e6 2. d4 d5 3. Bd3 dxe4 4. Bxe4 Nf6 5. Bf3 Be7 6. Ne2 c5 7. Be3 Nc6 8. Nbc3 cxd4 9. Nxd4 Ne5 10. Be2 O-O 11.
O-O Bd7 12. f4 Nc6 13. Bf3 Rc8 14. Nxc6 bxc6 15. Qe2 Nd5 16. Nxd5 cxd5 17. c3 Qa5 18.
Kh1 Bb5 19. Qf2 Bxf1 20. Qxf1 Rb8 21. Qe2 Qb5 22. Qxb5 Rxb5 23. b4 Bf6 24. Rc1 Rc8 25.
a4 Rb7 26. Bc5 a5 27. g4 axb4 28. cxb4 Rxb4 29. g5 Be7 0-1

[Event "Early-Titled-Tuesday-Blitz-July-09-2024"]
[Site "Chess.com"]
[Date "2024.07.09"]
[Round "7"]
[White "EvilMorty23"]
[Black "LewAnatol"]
[Result "1-0"]
[WhiteElo "2397"]
[BlackElo "2183"]
[TimeControl "180+1"]
[EndTime "9:18:30 PDT"]
[Termination "EvilMorty23 won on time"]

1. e4 c5 2. Nf3 e6 3. c3 Nf6 4. e5 Nd5 5. d4 cxd4 6. cxd4 d6 7. Bc4 Nb6 8. Bd3 Nc6 9. O-O Nd5 10. Nc3 Nxc3 11.
bxc3 Qc7 12. Bf4 dxe5 13. Nxe5 Nxe5 14. Bxe5 Bd6 15. Bxg7 Rg8 16. Bf6 Bxh2+ 17. Kh1 Qf4 18. Bb5+ Kf8 19. Be5 Qg5 20. g3 f6 21. Bd6+ Kf7 22.
Bc4 Qh6 23. Kg2 b5 24. Qf3 bxc4 25. Qxa8 e5 26. Qxa7+ Kg6 27. Rh1 Qh3+ 28. Kf3 Bg4+ 29. Ke3 Qh6+ 30. f4 1-0

[Event "Early-Titled-Tuesday-Blitz-July-09-2024"]
[Site "Chess.com"]
[Date "2024.07.09"]
[Round "7"]
[White "santig8"]
[Black "Navyblue1"]
[Result "1-0"]
[WhiteElo "2283"]
[BlackElo "2116"]
[TimeControl "180+1"]
[EndTime "9:18:31 PDT"]
[Termination "santig8 won by resignation"]

1. e4 c5 2. d4 cxd4 3. c3 Nf6 4. e5 Nd5 5. cxd4 d6 6. Nf3 Nc6 7. Bc4 Nb6 8. Bb5 dxe5 9. Nxe5 Bd7 10. Bxc6 Bxc6 11.
O-O Bd5 12. Nc3 e6 13. a4 Be7 14. a5 Nc8 15. Nxd5 Qxd5 16. Qa4+ Kf8 17. Nd7+ Kg8 18. Bf4 f6 19. Nc5 Kf7 20. Rfe1 Bxc5 21. dxc5 Ne7 22.
Rad1 Qc6 23. Qb3 Nd5 24. Bd6 Rhe8 25. f4 g6 26. Qh3 Kg7 27. Rxe6 Rxe6 28. Qxe6 Re8 29.
Qxd5 Re1+ 30. Kf2 Qxd5 1-0

[Event "Early-Titled-Tuesday-Blitz-July-09-2024"]
[Site "Chess.com"]
[Date "2024.07.09"]
[Round "7"]
[White "InitiatingASC"]
[Black "glucolisis04"]
[Result "1-0"]
[WhiteElo "2427"]
[BlackElo "2295"]
[TimeControl "180+1"]
[EndTime "9:18:34 PDT"]
[Termination "InitiatingASC won by resignation"]

1. d4 Nf6 2. c4 e6 3. Nf3 d5 4. g3 Bb4+ 5. Bd2 Qe7 6. Bg2 O-O 7. O-O Nc6 8. Nc3 b6 9. cxd5 exd5 10. Rc1 Bb7 11. Bg5 Bxc3 12. Rxc3 h6 13. Bf4 Rac8 14. Ne5 Nxe5 15. Bxe5 Ne4 16. Ra3 a5 17. Qc2 g5 18.
f3 Nd6 19. Bh3 Rcd8 20. Rc3 Nc4 21. b3 Nxe5 22. Rxc7 Qb4 23. dxe5 Qd4+ 24. Kg2 Ba6 25. e6 Qe5 26. e7 Qe3 1-0

[Event "Early-Titled-Tuesday-Blitz-July-09-2024"]
[Site "Chess.com"]
[Date "2024.07.09"]
[Round "7"]
[White "kacperkarwowski"]
[Black "Vaporwaffle94"]
[Result "1-0"]
[WhiteElo "2549"]
[BlackElo "2250"]
[TimeControl "180+1"]
[EndTime "9:18:35 PDT"]
[Termination "kacperkarwowski won by checkmate"]

1. f4 e5 2. fxe5 d6 3. exd6 Bxd6 4. Nf3 g5 5. g3 g4 6. Nh4 Ne7 7. d4 Ng6 8. Nxg6 hxg6 9. Qd3 Nc6 10. c3 O-O 11. Bg2 Qf6 12. Bh6 Re8 13. Nd2 g5 14. Bxg5 Qxg5 15. Ne4 Qg6 16. O-O Bf5 17. Nf6+ Qxf6 18.
Rxf5 Qg6 19. e4 Rad8 20. Raf1 Rd7 21. Qe3 Be7 22. e5 Bd8 23. Be4 Qg7 24. Rh5 Rde7 25. Rh7 Qxh7 26. Bxh7+ Kxh7 27. Qe4+ Kh8 28. Qxg4 Rg8 29.
Qh5+ Kg7 30. e6 fxe6 31. Rf4 Rd7 32. Qg4+ Kh8 33. Qxe6 Rh7 34. d5 Nb8 35. Qe5+ Rhg7 36. Rf5 Rf8 37. Rxf8+ Kh7 38. Qh5# 1-0

[Event "Early-Titled-Tuesday-Blitz-July-09-2024"]
[Site "Chess.com"]
[Date "2024.07.09"]
[Round "7"]
[White "edgarhay012"]
[Black "Antek_Radzimski"]
[Result "0-1"]
[WhiteElo "2687"]
[BlackElo "2582"]
[TimeControl "180+1"]
[EndTime "9:18:36 PDT"]
[Termination "Antek_Radzimski won by checkmate"]

1. e4 e5 2. Nf3 Nc6 3. Bb5 a6 4. Ba4 d6 5. d4 b5 6. Bb3 Nxd4 7.
Nxd4 exd4 8. Bd5 Rb8 9. Qxd4 Nf6 10. O-O Be7 11. a4 O-O 12. axb5 axb5 13. Nc3 c5 14. Qd1 b4 15. Ne2 Bb7 16. Bxb7 Rxb7 17.
f3 Qc7 18. Nf4 Rd8 19. Nd5 Nxd5 20. Qxd5 Bf6 21. Ra6 c4 22. Rc6 Qb8 23. Rxc4 Rb5 24.
Qc6 d5 25. exd5 Rbxd5 26. Bf4 Qa7+ 27. Kh1 Qf2 28. h3 Qxf1+ 29. Kh2 Rd4 30. Bc7 Qxc4 31. Qa4 Qxc7+ 32. f4 Qxf4+ 33. g3 Rd2+ 34. Kh1 Rd1+ 35. Kg2 R8d2# 0-1